 Dungeon Crawl Stone Soup version 0.27.1-1-g398f81649c (webtiles) character file.

Game seed: 13571229066365976646

303 Rickety the Shield-Bearer (level 6, 7/53 HPs)
             Began as a Gnoll Fighter on Sept 16, 2021.
             Quit the game on level 7 of the Dungeon.
             The game lasted 00:05:57 (3921 turns).

Rickety the Shield-Bearer (Gnoll Fighter)           Turns: 3921, Time: 00:05:58

Health: 7/53       AC: 11    Str: 18    XL:     6   Next: 38%
Magic:  8/8        EV: 12    Int:  7    God:
Gold:   99         SH: 10    Dex: 14    Spells: 8/8 levels left

rFire    . . .     SeeInvis .   a - +0 long sword
rCold    + . .     Faith    .   c - +0 kite shield
rNeg     . . .     Spirit   .   b - +0 scale mail
rPois    .         Reflect  .   (no helmet)
rElec    .         Harm     .   (no cloak)
rCorr    .         Rampage  .   g - +2 pair of gloves {Dex+3}
Will     .....                  (no boots)
Stlth    +.........             (no amulet)
HPRegen  0.17/turn              f - +4 ring of evasion
MPRegen  0.11/turn              q - ring of protection from cold

@: slowed, very slow
A: fangs 1, strong nose, distributed training
a: no special abilities


You were on level 7 of the Dungeon.
You visited 1 branch of the dungeon, and saw 5 of its levels.

You collected 99 gold pieces.

Inventory:

Hand Weapons
 a - a +0 long sword (weapon)
Armour
 b - a +0 scale mail (worn)
 c - a +0 kite shield (worn)
 g - a +2 pair of gloves of dexterity (worn)
 u - a +2 robe of willpower
Jewellery
 f - a +4 ring of evasion (left hand)
 o - an amulet of magic regeneration
 q - a ring of protection from cold (right hand)
Wands
 m - a wand of polymorph (6)
Scrolls
 h - 2 scrolls of teleportation {unknown}
 k - a scroll of fog {unknown}
 p - a scroll of amnesia {unknown}
 r - a scroll of identify {unknown}
 s - a scroll of immolation {unknown}
 t - a scroll of noise {unknown}
Potions
 d - a potion of might
 e - a potion of brilliance {unknown}
 i - 2 potions of degeneration {unknown}
 j - a potion of lignification {unknown}
 l - 3 potions of curing {unknown}
 n - a potion of flight {unknown}


   Skills:
 + Level 6.8 Fighting
 + Level 1.9 Short Blades
 + Level 5.0 Long Blades
 + Level 1.9 Axes
 + Level 1.9 Maces & Flails
 + Level 1.9 Polearms
 + Level 1.9 Staves
 + Level 1.9 Slings
 + Level 1.9 Bows
 + Level 1.9 Crossbows
 + Level 1.9 Throwing
 + Level 6.8 Armour
 + Level 1.9 Dodging
 + Level 1.9 Stealth
 + Level 6.8 Shields
 + Level 1.9 Unarmed Combat
 + Level 1.9 Spellcasting
 + Level 1.5 Conjurations
 + Level 1.5 Hexes
 + Level 1.5 Summonings
 + Level 1.5 Necromancy
 + Level 1.5 Translocations
 + Level 1.5 Transmutations
 + Level 1.5 Fire Magic
 + Level 1.5 Ice Magic
 + Level 1.5 Air Magic
 + Level 1.5 Earth Magic
 + Level 1.5 Poison Magic
 + Level 2.1 Invocations
 + Level 1.9 Evocations


You had 8 spell levels left.
You didn't know any spells.
Your spell library contained the following spells:

 Spells                   Type           Power      Damage    Failure   Level
 Animate Skeleton         Necr           4%         N/A       86%         1
 Apportation              Tloc           4%         N/A       86%         1
 Corona                   Hex            2%         N/A       86%         1
 Summon Small Mammal      Summ           8%         N/A       86%         1
 Passwall                 Tmut/Erth      1%         N/A       94%         2
 Swiftness                Air            2%         N/A       99%         3
 Invisibility             Hex            1%         N/A       100%        6


Dungeon Overview and Level Annotations

Branches:
Dungeon (4/15)
 Temple: D:4-7

Altars:
Nemelex Xobeh
Uskayaw
The Shining One


Innate Abilities, Weirdness & Mutations

You have very sharp teeth.
Your uncanny sense of smell can sniff out nearby items.
Your experience applies equally to all skills.


Message History

The ufetubus hits you but does no damage.
The hornet stings you.
You are poisoned.
You feel as though you will be slow longer.
You block the ufetubus's attack. The ufetubus misses you.
You feel very sick. You block the hornet's attack.
You block the ufetubus's attack.
The ufetubus hits you but does no damage.
The hornet closely misses you.
You riposte.
You barely miss the hornet. You bite the hornet.
The hornet is moderately wounded.
Found a lumpy amethyst potion.
You feel sick. You block the ufetubus's attack.
The ufetubus hits you but does no damage.
The hornet stings you.
You suddenly lose the ability to move!
The howler monkey hoots and howls with incredible vigour!
You hear a shout! x3
You can move again.
You feel sick.
A sky beast appears from thin air!
Reactivating autopickup.
The sky beast misses you. You block the ufetubus's attack.
The ufetubus barely misses you.
The sky beast flickers out of sight!
Deactivating autopickup; reactivate with Ctrl-A.
Something hits you but does no damage.
You feel yourself speed up.
You feel sick.
A hound comes into view.
The ufetubus hits you but does no damage.
You block the ufetubus's attack. The ufetubus hits you.
The ufetubus closely misses you. The hornet stings you.
You feel yourself slow down.
The hound moves out of view.
You feel sick.
You are no longer poisoned.
The ufetubus closely misses you.
The ufetubus hits you but does no damage.
The hornet stings you but does no damage.
Something hits you.
* * * LOW HITPOINT WARNING * * *
Something shocks you.
* * * LOW HITPOINT WARNING * * *
Are you sure you want to abandon this character and quit the game? (Confirm with "yes".)

#..#.............#
#..#..............
.#.##.................
.....................
...###..............
.##.###............
.......Zh#........
.##...y5{##..[...
#..###@## ..... #.
#..# ..> .. ..... .. .
.......# ...#.!..## h.
....## # ..... ......


You could see a hornet, a howler monkey, a hound (wandering), an ufetubus and a
bullfrog zombie.

Vanquished Creatures
  Duvessa (D:3)
  Dowan (D:3)
  A howler monkey (D:4)
  A hound (D:4)
  An adder (D:2)
  2 worms
  2 dart slugs
  An orc (D:3)
  8 endoplasms
  5 giant cockroaches
  5 goblins
  5 hobgoblins
  3 jackals (D:2)
  2 quokkas (D:1)
  6 ball pythons
  4 bats
  2 frilled lizards
  3 kobolds
  A quokka skeleton (D:4)
  7 rats
61 creatures vanquished.

Notes
Turn   | Place    | Note
-------+----------+-------------------------------------------
     0 | D:1      | Rickety the Gnoll Fighter began the quest for the Orb.
     0 | D:1      | Reached XP level 1. HP: 23/23 MP: 1/1
   403 | D:1      | Reached XP level 2. HP: 29/29 MP: 2/2
   790 | D:1      | Reached XP level 3. HP: 33/35 MP: 3/3
  1554 | D:2      | Reached skill level 1 in Invocations
  1668 | D:2      | Found a faded altar of an unknown god.
  1931 | D:2      | Reached skill level 1 in Short Blades
  1931 | D:2      | Reached skill level 1 in Axes
  1931 | D:2      | Reached skill level 1 in Maces & Flails
  1931 | D:2      | Reached skill level 1 in Polearms
  1931 | D:2      | Reached skill level 1 in Staves
  1931 | D:2      | Reached skill level 1 in Slings
  1931 | D:2      | Reached skill level 1 in Bows
  1931 | D:2      | Reached skill level 1 in Crossbows
  1931 | D:2      | Reached skill level 1 in Throwing
  1931 | D:2      | Reached skill level 1 in Dodging
  1931 | D:2      | Reached skill level 1 in Stealth
  1931 | D:2      | Reached skill level 1 in Unarmed Combat
  1931 | D:2      | Reached skill level 1 in Spellcasting
  1931 | D:2      | Reached skill level 1 in Evocations
  2199 | D:2      | Reached XP level 4. HP: 29/41 MP: 5/5
  2440 | D:3      | Found a sparkling altar of Nemelex Xobeh.
  3403 | D:4      | Noticed Duvessa
  3403 | D:4      | Noticed Dowan
  3403 | D:4      | Found a hide-covered altar of Uskayaw.
  3419 | D:3      | Killed Duvessa
  3420 | D:3      | Reached skill level 1 in Conjurations
  3420 | D:3      | Reached skill level 1 in Hexes
  3420 | D:3      | Reached skill level 1 in Summonings
  3420 | D:3      | Reached skill level 1 in Necromancy
  3420 | D:3      | Reached skill level 1 in Translocations
  3420 | D:3      | Reached skill level 1 in Transmutations
  3420 | D:3      | Reached skill level 1 in Fire Magic
  3420 | D:3      | Reached skill level 1 in Ice Magic
  3420 | D:3      | Reached skill level 1 in Air Magic
  3420 | D:3      | Reached skill level 1 in Earth Magic
  3420 | D:3      | Reached skill level 1 in Poison Magic
  3420 | D:3      | Reached XP level 5. HP: 6/47 MP: 5/7
  3491 | D:4      | Reached XP level 6. HP: 18/53 MP: 8/8
  3729 | D:3      | Killed Dowan
  3730 | D:3      | Reached skill level 5 in Long Blades
  3893 | D:4      | You fall into a shaft and drop 3 floors!
  3893 | D:7      | Noticed a hornet
  3894 | D:7      | Found a glowing golden altar of the Shining One.
  3911 | D:7      | Noticed a sky beast
  3917 | D:7      | Paralysed by a hornet for 1 turns
  3921 | D:7      | Quit the game

Illustrated notes

Levels and vault maps discovered:
D:1:      ebering_trefoil_twist, layout_basic, roderic_roman_lattice
D:2:      layout_basic, hellmonk_ecumenical_altar_pennies_from_heaven
D:3:      layout_basic, lemuel_crystal_altar, serial_co_window_serial,
          co_window_paths_a, co_window_cross_1, co_window_corner_a,
          co_window_corner_a, co_window_paths_b, co_window_corner_b,
          co_window_corner_b, co_window_of_opportunity_b,
          co_window_unsneaky_path_a, nrook_loot_triangle
D:4:      layout_basic, pdpol_temple_overflow_zin_treasury_gozag_greed,
          nicolae_uskayaw_dance_hall, uniq_duvessa
D:7:      layout_cave_pools, nicolae_yredelemnul_corpse_copse, tso_metal_star,
          nicolae_kikubaaqudgha_miasma_corner, enter_bailey_3,
          uniq_prince_ribbit1, uniq_menkaure

Skill      XL: |  1  2  3  4  5  6 |
---------------+-------------------+-----
Invocations    | 1 2 |  2.1
Short Blades   | 1 |  1.9
Axes           | 1 |  1.9
Maces & Flails | 1 |  1.9
Polearms       | 1 |  1.9
Staves         | 1 |  1.9
Slings         | 1 |  1.9
Bows           | 1 |  1.9
Crossbows      | 1 |  1.9
Throwing       | 1 |  1.9
Dodging        | 1 |  1.9
Stealth        | 1 |  1.9
Unarmed Combat | 1 |  1.9
Spellcasting   | 1 |  1.9
Evocations     | 1 |  1.9
Conjurations   | 1 |  1.5
Hexes          | 1 |  1.5
Summonings     | 1 |  1.5
Necromancy     | 1 |  1.5
Translocations | 1 |  1.5
Transmutations | 1 |  1.5
Fire Magic     | 1 |  1.5
Ice Magic      | 1 |  1.5
Air Magic      | 1 |  1.5
Earth Magic    | 1 |  1.5
Poison Magic   | 1 |  1.5
Long Blades    | 5 |  5.0
Fighting       | |  6.8
Armour         | |  6.8
Shields        | |  6.8

Action                   |  1- 3 |  4- 6 || total
-------------------------+-------+-------++-------
Melee: Long sword        |   139 |    52 ||   191
       Bite              |    13 |    11 ||    24
  Use: Potion            |       |     1 ||     1
Armor: Scale mail        |    41 |    24 ||    65
Dodge: Dodged            |    61 |    42 ||   103
Block: Kite shield       |    85 |    36 ||   121
       Rpst.: Long sword |    21 |    13 ||    34
